 Dungeon Crawl Stone Soup version 0.32-a0-485-g70f7560b1c (webtiles) character file.

Game seed: 9860412127803802895

75 retardedninja the Shield-Bearer (level 4, -1/40 HPs)
             Began as a Mountain Dwarf Fighter on Feb 26, 2024.
             Blown up by Ijyb (15 damage)
             ... with a mindburst bolt
             ... on level 3 of the Dungeon.
             The game lasted 00:02:44 (1993 turns).

retardedninja the Shield-Bearer (MDFi)              Turns: 1993, Time: 00:02:45

Health: -1/40      AC: 12    Str: 21    XL:     4   Next: 11%
Magic:  4/4        EV:  6    Int:  8    God:
Gold:   136        SH:  4    Dex:  9    Spells: 3/3 levels left

rFire   . . .        a - +0 war axe
rCold   . . .        c - +0 buckler
rNeg    . . .        j - +0 plate armour
rPois   .            (no helmet)
rElec   .            (no cloak)
rCorr   .            (no gloves)
SInv    .            f - +0 pair of boots
Will    .....        (no amulet) Stlth
                     (no ring)
HPRegen 0.26/turn    (no ring)
MPRegen 0.09/turn

%: no passive effects
@: no status effects
A: runic magic, artefact enchanting
a: no special abilities


You were on level 3 of the Dungeon.
You visited 1 branch of the dungeon, and saw 3 of its levels.

You collected 136 gold pieces.

Inventory:

Hand Weapons
 a - a +0 war axe (weapon)
Missiles
 h - a throwing net (quivered)
Armour
 c - a +0 buckler (worn)
 f - a +0 pair of boots (worn)
 j - a +0 plate armour (worn)
Jewellery
 d - a ring of flight
Wands
 k - a wand of flame (7)
Scrolls
 b - a scroll of immolation
 e - a scroll of identify
 i - 2 scrolls of teleportation
Potions
 g - a potion of cancellation
 l - a potion of curing


   Skills:
 + Level 3.9 Fighting
 + Level 3.3 Axes
 + Level 3.9 Armour
 + Level 4.0 Shields


You had 3 spell levels left.
You didn't know any spells.
Your spell library contained the following spells:

 Spells                   Type           Power      Damage    Failure   Level
 Shock                    Conj/Air       0%         1d3       75%         1
 Mercury Vapours          Alch/Air       0%         N/A       87%         2
 Mephitic Cloud           Conj/Alch/Air  0%         N/A       98%         3
 Ozocubu's Armour         Ice            0%         N/A       98%         3
 Swiftness                Air            0%         N/A       98%         3
 Airstrike                Air            0%         2d(0-16)  100%        4
 Freezing Cloud           Conj/Ice/Air   0%         6-21      100%        5
 Metabolic Englaciation   Hex/Ice        0%         N/A       100%        5
 Sculpt Simulacrum        Ice/Alch       0%         N/A       100%        6
 Haunt                    Necr/Summ      0%         N/A       100%        7
 Borgnjor's Revivificati  Necr           0%         N/A       100%        8
 Death's Door             Necr           0%         N/A       100%        9


Dungeon Overview and Level Annotations

Branches:
Dungeon (3/15)

Altars:
Kikubaaqudgha
Zin

Annotations:
D:3 Ijyb


Innate Abilities, Weirdness & Mutations

Your spellcasting is much less encumbered by armour.
You can use scrolls of enchantment on lesser artefacts.


Message History

No target in view!
No target in view!
No target in view!
No target in view!
No target in view!
No target in view!
No target in view!
No target in view!
No target in view!
No target in view!
No target in view!
No target in view!
No target in view!
No target in view!
No target in view!
Ijyb the Inquisitive comes into view.
She is wielding a +0 club and carrying a wand of mindburst.
Ijyb shouts!
Ijyb zaps a wand.
You barely resist.
Ijyb is nearby!
Ijyb zaps a wand.
Your mind is blasted!
Ijyb zaps a wand.
Your mind is blasted!
Ijyb hits you with a +0 club.
* * * LOW HITPOINT WARNING * * *
You feel better. Ijyb hits you with a +0 club.
You closely miss Ijyb. Ijyb barely misses you.
Ijyb zaps a wand.
You barely resist. You barely miss Ijyb. Ijyb hits you with a +0 club.
You closely miss Ijyb. Ijyb hits you but does no damage.
Ijyb hits you with a +0 club.
You hit Ijyb.
Ijyb is lightly wounded.
Ijyb hits you but does no damage.
You closely miss Ijyb.
Ijyb is lightly wounded.
You block Ijyb's attack.
You closely miss Ijyb.
Ijyb is lightly wounded.
Ijyb zaps a wand.
Your mind is blasted!
You die...
Ijyb moans, "Good help so hard to find!"

#.........##
#..........#
#........#.#
#).......#.##
#........#..###
#........##...##
#######'#####..##
##########.#.......#
...........#....@..#
#########'####.g...#
#.....###....#
#.._..# #....#
#.....# #.....
####### #.....#
#.??# ....... #...#
######.. #####


You could see Ijyb.

Vanquished Creatures
  A gnoll (D:1)
  An adder (D:2)
  A dart slug (D:1)
  A ribbon worm (D:2)
  5 endoplasms
  4 giant cockroaches
  4 hobgoblins
  6 jackals (D:2)
  3 quokkas
  3 ball pythons
  4 bats
  A frilled lizard (D:1)
  6 goblins
  5 kobolds (D:1)
  4 rats
49 creatures vanquished.

Notes
Turn   | Place    | Note
-------+----------+-------------------------------------------
     0 | D:1      | retardedninja the Mountain Dwarf Fighter began the quest
                  | for the Orb.
     0 | D:1      | Reached XP level 1. HP: 19/19 MP: 1/1
   223 | D:1      | Reached XP level 2. HP: 26/26 MP: 2/2
   837 | D:1      | Reached XP level 3. HP: 33/33 MP: 3/3
   941 | D:2      | Found an ancient bone altar of Kikubaaqudgha.
  1455 | D:2      | Reached skill level 4 in Shields
  1455 | D:2      | Reached XP level 4. HP: 35/40 MP: 4/4
  1537 | D:2      | Identified the +0 pair of gloves "Qoef" {Harm rF+ Will-
                  | Dex+4}
  1927 | D:3      | Found a glowing silver altar of Zin.
  1983 | D:3      | Noticed Ijyb
  1993 | D:3      | Blown up by Ijyb

Illustrated notes

Levels and vault maps discovered:
D:1:      reono_arrival_mine, layout_basic, kennysheep_doodads,
          minmay_door_square, chequers_mini_garden, minmay_heptomino_o4
D:2:      layout_loops_ring, basic_altar, nicolae_figureground_sparkle
D:3:      layout_basic, zin_scriptorium, gammafunk_ghost_smash, uniq_ijyb

Skill      XL: |  1  2  3 |
---------------+----------+-----
Axes           | 3 |  3.3
Shields        | 4 |  4.0
Fighting       | |  3.9
Armour         | |  3.9

Action                     |  1- 3 |  4- 6 || total
---------------------------+-------+-------++-------
  Melee: War axe           |   142 |    45 ||   187
    Use: Potion            |     2 |     1 ||     3
         Scroll            |       |     3 ||     3
 Armour: Scale mail        |    68 |       ||    68
         Plate armour      |   114 |    40 ||   154
  Dodge: Dodged            |    59 |     7 ||    66
  Block: Buckler           |    42 |    10 ||    52

Table legend: (Time is in decaauts)
 A = Elapsed time spent in this place.
 B = Non-inter-level travel time spent in this place.
 C = Inter-level travel time spent in this place.
 D = Time resting spent in this place.
 E = Time spent auto-exploring this place.
 F = Levels seen in this place.
 G = Mean time per level.
                   A        B        C        D        E       F      G
               +--------+--------+--------+--------+--------+-----+--------+
         Total |   2063 |   2005 |     58 |      0 |   1526 |   3 |  687.7 |
       Dungeon |   2063 |   2005 |     58 |      0 |   1526 |   3 |  687.7 |
               +--------+--------+--------+--------+--------+-----+--------+

Top non-repeatable levels by time:
     D:2: 1000 daAuts
     D:1: 963 daAuts
     D:3: 99 daAuts
